 Dungeon Crawl Stone Soup version 0.30-a0-377-g5cb311bc9f (webtiles) character file.

Game seed: 3411372208942138056

911 pokeman the Thaumaturge (level 7, -4/40 HPs)
             Began as a Deep Elf Hedge Wizard on Nov 27, 2022.
             Slain by a scorpion (6 damage)
             ... on level 6 of the Dungeon.
             The game lasted 00:11:14 (5003 turns).

pokeman the Thaumaturge (Deep Elf Hedge Wizard)     Turns: 5003, Time: 00:11:14

Health: -4/40      AC:  4    Str:  7    XL:     7   Next: 82%
Magic:  10/30      EV: 12    Int: 21    God:
Gold:   142        SH:  0    Dex: 14    Spells: 16/24 levels left

rFire   . . .      SeeInvis +    l - +0 whip (elec)
rCold   . . .      Faith    .    (no shield)
rNeg    . . .      Spirit   .    p - +0 leather armour
rPois   .          Reflect  .    q - +0 helmet
rElec   .          Harm     .    (no cloak)
rCorr   .          Rampage  .    (no gloves)
Will    .....                    (no boots)
Stlth   ++........               (no amulet)
HPRegen 0.26/turn                g - ring of see invisible
MPRegen 0.22/turn                u - ring of magical power

@: on blink cooldown, very slightly contaminated
A: no striking features
a: no special abilities


You were on level 6 of the Dungeon.
You visited 1 branch of the dungeon, and saw 6 of its levels.

You collected 178 gold pieces.
You spent 36 gold pieces at shops.

Inventory:

Hand Weapons
 l - a +0 whip of electrocution (weapon)
 w - a +0 short sword of venom
Armour
 p - a +0 leather armour (worn)
 q - a +0 helmet (worn)
Jewellery
 g - a ring of see invisible (left hand)
 u - a ring of magical power (right hand)
Scrolls
 b - a scroll of acquirement {unknown}
 e - a scroll of fear {unknown}
 f - a scroll of fog {unknown}
 i - 2 scrolls of enchant weapon {unknown}
 m - a scroll of amnesia {unknown}
 o - 3 scrolls of identify {unknown}
 s - a scroll of magic mapping {unknown}
 t - 2 scrolls of enchant armour {unknown}
Potions
 a - a potion of experience {unknown}
 c - a potion of heal wounds {unknown}
 d - 2 potions of magic
 h - a potion of attraction {unknown}
 j - a potion of curing
 k - a potion of ambrosia {unknown}
 n - a potion of invisibility {unknown}
 r - a potion of degeneration {unknown}
 v - 2 potions of flight {unknown}
 x - 2 potions of brilliance {unknown}
 z - a potion of mutation {unknown}


   Skills:
 - Level 2.0 Fighting
 + Level 2.0 Armour
 - Level 3.0 Dodging
 - Level 3.2 Stealth
 * Level 9.0 Spellcasting
 + Level 4.7 Conjurations
 - Level 1.1 Summonings
 - Level 1.1 Translocations
 - Level 1.0 Air Magic
 - Level 1.1 Poison Magic


You had 16 spell levels left.
You knew the following spells:

 Your Spells              Type           Power      Damage    Failure   Level
a - Magic Dart            Conj           100%       1d8       1%          1
b - Mephitic Cloud        Conj/Pois/Air  19%        N/A       12%         3
c - Call Imp              Summ           14%        N/A       10%         2
d - Blink                 Tloc           28%        N/A       10%         2

Your spell library contained the following spells:

 Spells                   Type           Power      Damage    Failure   Level
 Beastly Appendage        Tmut           18%        N/A       11%         1
 Slow                     Hex            36%        N/A       11%         1
 Cigotuvi's Dreadful Rot  Necr/Pois/Air  24%        N/A       12%         2
 Wereblood                Tmut           9%         N/A       16%         2
 Spider Form              Tmut/Pois      12%        N/A       24%         3
 Summon Forest            Summ/Tloc      7%         N/A       88%         5
 Summon Mana Viper        Hex/Summ       11%        N/A       93%         5
 Summon Cactus Giant      Summ           7%         N/A       100%        6


Dungeon Overview and Level Annotations

Branches:
Dungeon (6/15)
 Temple: D:4-7

Altars:
Ashenzari

Shops:
D:2 !

Annotations:
D:6 Maggie


Message History

Level annotation: Maggie A scorpion comes into view.
There is a stone staircase leading up here.
Unknown command.
Casting: Call Imp (safe; 10% risk of failure)
Confirm with . or Enter, or press ? or * to list all spells.
You blink.
Unknown command.
Casting: Blink (safe; 10% risk of failure)
Confirm with . or Enter, or press ? or * to list all spells.
A beastly little devil appears in a puff of flame.
The ufetubus closely misses you.
The ufetubus hits you but does no damage.
The ufetubus barely misses you.
The ufetubus hits you but does no damage.
Your crimson imp blinks!
Casting: Call Imp (safe; 10% risk of failure)
Confirm with . or Enter, or press ? or * to list all spells.
Aiming: Magic Dart (safe; 1% risk of failure)
Press: ? - help, Shift-Dir - straight line, f - ufetubus
Aim: an ufetubus (ally target, 100% to hit)
The magic dart hits the ufetubus.
The ufetubus is moderately wounded.
The ufetubus hits you but does no damage.
The ufetubus barely misses you. x2; The ufetubus hits you.
* * * LOW HITPOINT WARNING * * *
The ufetubus attacks as you move away! The ufetubus misses you.
The ufetubus hits you.
* * * LOW HITPOINT WARNING * * *
You feel stable enough to blink again. The ufetubus closely misses you.
The ufetubus barely misses you.
Casting: Magic Dart (safe; 1% risk of failure)
Confirm with . or Enter, or press ? or * to list all spells.
You blink.
The scorpion closely misses you.
Unknown command.
The scorpion stings you.
* * * LOW HITPOINT WARNING * * *
Unknown command.
The scorpion stings you.
You die...

########### ##
#....ยง....### ..
###.#.....)...#
#.##.s...5.....#.#
#..<@.5#.#####.#.#
#..#5###.# #.#.#
#>.#.# #.# #.#.#
#..#.# #.#####.#.#
#..#.# #.#.....#.#
...#.###.#.###.#.#
##.#........# #.#
#..........###.#
#............#


You could see a scorpion, 2 ufetubi and a friendly crimson imp (summoned).

Vanquished Creatures
  A water moccasin (D:6)
  A black bear (D:6)
  An ogre (D:5)
  A scorpion (D:4)
  4 wights (D:4)
  A howler monkey (D:4)
  2 hounds
  2 orc priests (D:4)
  2 orc wizards (D:4)
  6 adders
  A shadow imp (D:6)
  2 worms (D:2)
  2 dart slugs
  9 orcs (D:4)
  5 endoplasms
  3 giant cockroaches
  6 goblins
  2 hobgoblins (D:1)
  7 jackals
  7 kobolds
  7 quokkas
  7 ball pythons
  7 bats
  5 frilled lizards
  9 rats
100 creatures vanquished.

Vanquished Creatures (collateral kills)
  An orc (D:3)
  A kobold (D:2)
2 creatures vanquished.

Grand Total: 102 creatures vanquished

Notes
Turn   | Place    | Note
-------+----------+-------------------------------------------
     0 | D:1      | pokeman the Deep Elf Hedge Wizard began the quest for the
                  | Orb.
     0 | D:1      | Reached XP level 1. HP: 10/10 MP: 7/7
   259 | D:1      | Reached XP level 2. HP: 15/15 MP: 6/9
   749 | D:1      | Reached skill level 5 in Spellcasting
  1130 | D:1      | Reached XP level 3. HP: 20/20 MP: 3/11
  1134 | D:1      | Learned a level 3 spell: Mephitic Cloud
  1137 | D:1      | Learned a level 2 spell: Call Imp
  1140 | D:1      | Learned a level 2 spell: Blink
  1335 | D:2      | Found Ticvoi Umme's Distillery.
  1398 | D:2      | Bought a potion of curing for 36 gold pieces
  1717 | D:2      | Reached skill level 1 in Armour
  1728 | D:2      | Reached skill level 1 in Fighting
  1734 | D:2      | Reached XP level 4. HP: 22/25 MP: 1/13
  1985 | D:2      | Found a faded altar of an unknown god.
  2182 | D:3      | Found a broken altar of Ashenzari.
  3163 | D:4      | Reached skill level 6 in Spellcasting
  3163 | D:4      | Reached XP level 5. HP: 29/29 MP: 8/15
  3417 | D:4      | Reached skill level 1 in Poison Magic
  3419 | D:4      | Reached skill level 1 in Air Magic
  3419 | D:4      | Reached XP level 6. HP: 14/34 MP: 13/17
  3770 | D:4      | Reached skill level 7 in Spellcasting
  4485 | D:4      | Reached XP level 7. HP: 39/39 MP: 20/20
  4650 | D:5      | Entered Level 5 of the Dungeon
  4650 | D:5      | You fall into a shaft and drop 1 floor!
  4654 | D:6      | Reached skill level 8 in Spellcasting
  4678 | D:6      | HP: 2/40 [poisoned by a water moccasin]
  4806 | D:6      | Noticed Maggie
  4981 | D:5      | Reached skill level 9 in Spellcasting
  5000 | D:6      | HP: 2/40 [ufetubus (2)]
  5003 | D:6      | Slain by a scorpion

Illustrated notes

Levels and vault maps discovered:
D:1:      matt_arrival_grand_opening, layout_basic, serial_curves,
          eino_curves_03, eino_curves_03, eino_curves_04, minmay_unequal
D:2:      layout_basic, serial_shops, shop_fountains,
          hellmonk_ecumenical_altar_pennies_from_heaven
D:3:      layout_loops_ring, nicolae_ashenzari_panopticon, minivault_4,
          mrwooster_statue_mirror
D:4:      layout_loops_corners
D:5:      layout_cave_pools, minmay_temple_entry_metal_lava, serial_shops,
          nicolae_shop_hallway_plus, uniq_eustachio, uniq_pikel
D:6:      layout_loops_ring, okawaru_ov_weapons_minmay, xom_butterflies,
          hangedman_decor_push, uniq_maggie

Skill      XL: |  1  2  3  4  5  6  7 |
---------------+----------------------+-----
Spellcasting   | 5 6 7 9 |  9.0
Conjurations   | 2 3 4 |  4.7
Armour         | 1 2 |  2.0
Fighting       | 1 2 |  2.0
Stealth        | 3 |  3.2
Dodging        | 3 |  3.0
Poison Magic   | 1 |  1.1
Air Magic      | 1 |  1.0
Summonings     | |  1.1
Translocations | |  1.1

Action                   |  1- 3 |  4- 6 |  7- 9 || total
-------------------------+-------+-------+-------++-------
Melee: Dagger            |    13 |       |       ||    13
       Whip              |     6 |    26 |     8 ||    40
 Cast: Magic Dart        |    99 |   135 |    31 ||   265
       Mephitic Cloud    |     1 |     6 |     3 ||    10
       Call Imp          |     1 |     5 |     3 ||     9
       Blink             |       |     2 |     6 ||     8
  Use: Potion            |       |       |     1 ||     1
 Stab: Confused          |       |     3 |     1 ||     4
       Sleeping          |       |       |     1 ||     1
Armor: Robe              |    16 |     1 |       ||    17
       Leather armour    |       |     4 |    12 ||    16
Dodge: Dodged            |    34 |    21 |    26 ||    81

Table legend: (Time is in decaauts)
 A = Elapsed time spent in this place.
 B = Non-inter-level travel time spent in this place.
 C = Inter-level travel time spent in this place.
 D = Time resting spent in this place.
 E = Time spent auto-exploring this place.
 F = Levels seen in this place.
 G = Mean time per level.
                   A        B        C        D        E       F      G
               +--------+--------+--------+--------+--------+-----+--------+
         Total |   5006 |   4948 |     58 |     16 |   4188 |   6 |  834.3 |
       Dungeon |   5006 |   4948 |     58 |     16 |   4188 |   6 |  834.3 |
               +--------+--------+--------+--------+--------+-----+--------+

Top non-repeatable levels by time:
     D:4: 1517 daAuts
     D:1: 1334 daAuts
     D:3: 1107 daAuts
     D:2: 693 daAuts
     D:6: 335 daAuts
     D:5: 18 daAuts
